Map: Nightscape LE

Players

JunKai

  • Race: Protoss Protoss
  • Spawn Location: 7:00

Kilaa

  • Race: Zerg Zerg
  • Spawn Location: 7:00

qqq - Winner!

  • Race: Zerg Zerg
  • League: Platinum
  • Spawn Location: 1:00

Massa - Winner!

  • Race: Terran Terran
  • League: Platinum
  • Spawn Location: 1:00

VOD

Have the link to the VOD?

Description

Time

  • Played on: Nov. 27, 2020, 3:53 p.m.
  • Length: 23:28
Show
View Real Time Build Order
Export as new Build Order

JunKai Protoss 

Build Orders: Carriers 

Get SALT Encoding   

  12  0:00  Probe  
  13  0:12  Probe  
  14  0:18  Pylon  
  14  0:27  Probe  
  15  0:38  Gateway  
  15  0:39  Probe (Chrono Boost)  
  16  0:45  Assimilator  
  16  0:49  Probe (Chrono Boost)  
  17  0:54  Probe (Chrono Boost)  
  18  0:59  Assimilator  
  18  1:05  Probe  
  19  1:21  Probe  
  20  1:30  Cybernetics Core  
  20  1:33  Probe  
  20  1:35  Pylon  
  21  1:45  Probe  
  22  1:57  Probe  
  23  2:09  Probe  
  23  2:10  Stargate  
  24  2:21  Probe  
  25  2:35  Nexus  
  25  2:38  Probe  
  26  2:48  Void Ray (Chrono Boost)  
  26  2:50  Assimilator  
  26  2:52  Probe  
  31  3:29  Pylon  
  31  3:40  Stargate  
  31  3:41  Void Ray  
  31  3:47  Probe x2  
  37  3:59  Probe x2  
  39  4:11  Protoss Air Weapons Level 1 (Chrono Boost), Probe x2  
  39  4:17  Pylon  
  41  4:18  Void Ray  
  41  4:19  Void Ray  
  45  4:31  Probe x2  
  51  4:33  Assimilator  
  51  4:37  Shield Battery  
  51  4:43  Probe x2  
  53  4:50  Pylon  
  53  4:55  Void Ray  
  53  4:58  Probe x2  
  55  5:02  Void Ray  
  59  5:10  Pylon, Probe x2  
  57  5:53  Probe x2  
  51  6:05  Probe x2  
  53  6:14  Pylon  
  53  6:17  Probe x2  
  55  6:21  Void Ray x2  
  55  6:29  Probe  
  55  6:30  Probe, Stargate  
  65  6:35  Pylon  
  65  6:37  Fleet Beacon  
  65  6:41  Probe  
  65  6:42  Probe  
  67  6:53  Probe  
  67  6:54  Probe  
  69  6:58  Void Ray  
  69  7:05  Probe  
  69  7:06  Probe  
  75  7:17  Probe  
  75  7:18  Probe  
  77  7:24  Nexus  
  77  7:29  Pylon, Assimilator, Probe  
  78  7:30  Probe  
  78  7:34  Assimilator  
  79  7:42  Probe x2  
  81  7:55  Probe x2  
  83  8:05  Void Ray x2  
  83  8:07  Probe x2  
  93  8:19  Probe  
  94  8:30  Void Ray  
  94  8:36  Probe x3  
  94  8:39  Pylon x2  
  94  8:41  Pylon  
  101  8:42  Void Ray  
  101  8:48  Probe x2  
  106  8:49  Probe  
  106  8:51  Void Ray  
  112  9:07  Void Ray  
  116  9:19  Void Ray  
  125  9:52  Probe  
  125  9:53  Probe x2  
  127  10:01  Stargate  
  127  10:02  Stargate  
  127  10:04  Carrier x2, Stargate  
  127  10:05  Probe  
  132  10:12  Cybernetics Core  
  132  10:18  Protoss Air Weapons Level 2 (Chrono Boost)  
  128  10:50  Nexus, Assimilator  
  128  10:51  Pylon  
  128  10:54  Assimilator  
  128  10:55  Pylon  
  128  10:56  Carrier  
  130  10:57  Pylon  
  122  11:09  Carrier  
  100  11:33  Carrier  
  100  11:34  Carrier x3  
  119  11:43  Protoss Air Armor Level 1 (Chrono Boost)  
  119  12:00  Carrier  
  119  12:01  Probe x3  
  128  12:10  Probe  
  128  12:13  Probe x3  
  128  12:14  Carrier (Chrono Boost)  
  138  12:22  Probe  
  137  12:25  Probe  
  137  12:35  Carrier x3 (Chrono Boost)  
  155  12:52  Probe  
  155  12:53  Probe x3  
  159  13:03  Carrier (Chrono Boost)  
  159  13:05  Probe  
  166  13:14  Protoss Air Weapons Level 3 (Chrono Boost)  
  119  14:18  Carrier x2  
  119  14:19  Carrier  
  137  14:55  Pylon  
  137  14:57  Pylon x2  
  137  14:59  Pylon  
  137  15:00  Pylon  
  137  15:03  Pylon  
  137  15:05  Pylon  
  137  15:16  Nexus, Carrier x2 (Chrono Boost)  
  137  15:17  Assimilator  
  153  15:23  Assimilator  
  109  16:01  Pylon  
  108  16:04  Pylon  
  92  16:32  Stargate  
  92  16:33  Stargate  
  92  16:36  Pylon, Stargate  
  92  16:37  Pylon  
  92  16:39  Pylon  
  92  16:42  Pylon  
  86  16:57  Probe  
  87  17:04  Nexus  
  87  17:06  Assimilator  
  81  17:09  Probe  
  81  17:10  Assimilator  
  80  17:21  Nexus  
  74  17:24  Probe  
  68  18:15  Pylon  
  68  18:22  Pylon  
  68  18:45  Nexus  
  68  18:47  Pylon  
  68  18:49  Pylon  
  68  20:39  Gateway  
Show
View Real Time Build Order
Export as new Build Order

Kilaa Zerg 

Build Orders: Hatch First 

Get SALT Encoding   

  12  0:00  Drone  
  13  0:13  Overlord  
  13  0:19  Drone  
  14  0:40  Drone  
  14  0:41  Drone  
  16  0:46  Drone  
  17  0:59  Drone  
  17  1:00  Hatchery  
  17  1:02  Extractor  
  16  1:11  Drone  
  17  1:21  Spawning Pool  
  17  1:24  Drone  
  17  1:35  Overlord  
  17  1:38  Drone  
  18  1:50  Overlord  
  18  2:07  Queen  
  20  2:08  Metabolic Boost  
  20  2:10  Zergling x2  
  20  2:13  Zergling x2  
  21  2:23  Drone  
  21  2:24  Drone  
  23  2:35  Queen  
  23  2:36  Drone  
  26  2:38  Drone  
  27  2:54  Drone x4  
  32  3:05  Drone  
  32  3:06  Baneling Nest  
  32  3:07  Drone  
  32  3:08  Drone  
  33  3:16  Overlord  
  33  3:19  Zergling x2  
  34  3:34  Zergling x10  
  39  3:42  Lair  
  39  3:49  Baneling x4  
  39  3:52  Drone x3  
  39  3:53  Drone x2  
  44  3:57  Zergling x2  
  45  4:08  Drone  
  45  4:09  Drone  
  47  4:13  Hatchery  
  47  4:16  Extractor  
  45  4:18  Drone x2  
  45  4:19  Drone x2  
  49  4:33  Drone, Zergling x4  
  49  4:34  Overlord x2  
  52  4:39  Extractor  
  52  4:43  Zergling x2  
  52  4:53  Centrifical Hooks  
  52  4:56  Hydralisk Den  
  52  4:57  Drone x2  
  52  4:58  Drone, Extractor  
  53  5:04  Zergling x8  
  53  5:05  Zergling x4  
  50  5:15  Zergling x8  
  50  5:19  Zergling x2  
  52  5:25  Zergling x2  
  50  5:35  Zergling x8  
  28  5:51  Zergling x6  
  28  5:52  Zergling x4  
  28  5:56  Baneling x2  
  32  6:02  Overlord  
  32  6:04  Zergling x4  
  29  6:20  Zergling x2  
  30  6:45  Hatchery, Baneling x3  
  30  6:46  Baneling  
  29  7:03  Zergling x14  
  30  7:15  Zergling x2  
  28  7:25  Baneling x2  
  28  7:26  Baneling x5  
  28  7:27  Baneling  
  26  7:30  Zergling x2  
  26  7:43  Drone  
  27  7:48  Drone  
  28  7:57  Queen  
  28  7:58  Drone x4  
  33  8:01  Baneling x2  
  34  8:11  Zergling x4  
  36  8:24  Hydralisk x2  
  36  8:25  Hydralisk x2, Zergling x2  
  45  8:30  Drone  
  45  8:33  Baneling  
  45  8:34  Baneling  
  46  8:43  Drone x3  
  49  8:49  Drone  
  49  8:50  Drone x2  
  49  8:54  Hatchery  
  51  8:56  Drone  
  51  8:58  Evolution Chamber  
  51  9:06  Hydralisk x2  
  55  9:14  Drone x2  
  57  9:20  Grooved Spines  
  57  9:28  Drone  
  57  9:30  Drone  
  59  9:39  Baneling x6  
  59  9:43  Zerg Missile Weapons Level 1  
  59  9:48  Lurker Den  
  59  9:49  Drone  
  59  9:52  Drone  
  60  9:53  Drone  
  61  10:01  Overlord  
  61  10:05  Queen  
  63  10:07  Drone  
  63  10:08  Drone  
  65  10:18  Drone x2  
  65  10:19  Drone x3  
  70  10:27  Overlord, Evolution Chamber, Drone  
  70  10:31  Muscular Augments  
  70  10:33  Drone x3  
  73  10:37  Overlord  
  73  10:44  Overlord, Hydralisk  
  73  10:46  Hydralisk  
  77  10:51  Hydralisk  
  77  10:54  Overseer  
  79  10:58  Hydralisk  
  79  10:59  Hydralisk, Extractor  
  79  11:03  Lurker x2  
  84  11:09  Hydralisk  
  84  11:10  Hydralisk x2  
  84  11:23  Hydralisk x3  
  87  11:29  Hydralisk  
  87  11:30  Zergling x6  
  87  11:31  Zergling x6  
  87  11:32  Zergling x2  
  94  11:34  Zergling x2  
  85  11:47  Hydralisk  
  85  11:48  Hydralisk x2  
  89  12:01  Extractor  
  89  12:03  Overlord, Drone x3  
  89  12:05  Zergling x8  
  89  12:08  Lurker  
  96  12:11  Drone  
  96  12:23  Hydralisk  
  96  12:24  Hydralisk x3  
  102  12:36  Hydralisk x2  
  104  12:37  Hydralisk  
  104  12:38  Hydralisk  
  90  13:09  Baneling x5  
  90  13:17  Hydralisk  
  90  13:18  Overlord x2  
  92  13:23  Hatchery  
  91  13:28  Overlord  
  91  13:32  Zerg Ground Armor Level 1  
  91  13:34  Zerg Missile Weapons Level 2  
  91  13:41  Zergling x12  
  97  13:58  Hydralisk x4  
  100  14:08  Hydralisk  
  93  14:12  Hydralisk  
  87  14:36  Hydralisk x4  
  51  14:46  Hydralisk  
  51  14:47  Hydralisk  
  53  15:01  Hydralisk x2  
  53  15:06  Hydralisk  
  3  16:58  Hatchery  
  2  18:09  Extractor  
  2  18:11  Drone  
  2  18:32  Extractor  
  1  19:07  Hatchery  
    20:20  Drone  
Show
View Real Time Build Order
Export as new Build Order

qqq Zerg - Winner!

Build Orders: Hatch First, Zergling Baneling 

Get SALT Encoding   

  12  0:01  Drone  
  13  0:10  Drone  
  14  0:18  Overlord  
  14  0:47  Hatchery  
  13  1:04  Drone  
  13  1:05  Drone x2  
  16  1:26  Drone  
  16  1:29  Spawning Pool  
  16  1:31  Drone  
  16  1:32  Extractor  
  16  1:45  Drone  
  16  1:46  Extractor  
  16  1:51  Drone  
  18  2:02  Drone  
  19  2:23  Drone x2  
  19  2:24  Queen  
  19  2:25  Queen  
  19  2:26  Drone x2  
  19  2:27  Drone  
  28  2:39  Overlord  
  28  2:40  Overlord  
  28  2:52  Metabolic Boost  
  28  2:59  Zergling x4  
  28  3:00  Zergling x2  
  28  3:01  Zergling x2  
  28  3:05  Zergling x2  
  32  3:13  Baneling Nest  
  32  3:15  Zergling x2  
  32  3:16  Drone  
  33  3:21  Zergling x2  
  33  3:26  Zergling x2  
  35  3:36  Zergling x4  
  35  3:37  Zergling x2  
  35  3:39  Spore Crawler  
  37  3:42  Spore Crawler  
  37  3:44  Zergling x2  
  37  3:45  Zergling x8  
  41  3:49  Drone  
  42  3:57  Drone  
  43  4:09  Drone  
  44  4:11  Overlord x2  
  44  4:14  Baneling x5  
  44  4:15  Baneling  
  44  4:16  Baneling  
  44  4:17  Baneling  
  44  4:30  Zergling x6  
  47  4:31  Zergling x6  
  51  4:45  Zergling x2  
  51  4:47  Hatchery  
  51  4:52  Zergling x4  
  52  4:53  Drone  
  49  5:34  Zergling x4  
  49  5:35  Zergling x12  
  51  5:36  Zergling x8  
  53  5:52  Zergling x2  
  53  5:53  Zergling x4  
  49  6:03  Lair  
  45  6:17  Zergling x4  
  44  6:23  Queen  
  44  6:24  Drone x3  
  45  6:33  Baneling x7  
  45  6:34  Drone x3  
  45  6:36  Queen  
  50  6:44  Zergling x6  
  42  7:26  Drone x2  
  42  7:27  Drone, Hydralisk Den  
  42  7:29  Extractor  
  42  7:30  Extractor  
  41  7:40  Spawning Pool  
  41  7:41  Drone x3  
  41  7:42  Drone x3  
  46  7:57  Hydralisk x4  
  46  7:58  Hatchery  
  53  8:00  Drone x4  
  56  8:16  Drone x3  
  56  8:17  Spawning Pool, Drone x2  
  60  8:34  Spore Crawler x2  
  60  8:38  Spore Crawler  
  60  8:39  Drone x2  
  59  8:44  Muscular Augments  
  59  8:46  Hydralisk  
  61  8:48  Drone  
  61  8:50  Drone  
  63  8:56  Spore Crawler  
  63  8:58  Spine Crawler  
  60  9:03  Hydralisk  
  60  9:04  Hydralisk  
  64  9:13  Drone x4  
  68  9:18  Hydralisk x2  
  68  9:23  Overlord  
  72  9:38  Overlord x2  
  72  9:47  Hydralisk x4  
  80  9:53  Overlord x2  
  80  9:56  Grooved Spines  
  80  9:59  Extractor  
  79  10:02  Evolution Chamber, Drone x2  
  79  10:03  Evolution Chamber, Drone  
  79  10:05  Hydralisk  
  82  10:11  Hydralisk  
  82  10:12  Hydralisk  
  86  10:15  Hydralisk  
  86  10:18  Drone  
  86  10:20  Drone  
  90  10:23  Hydralisk  
  90  10:25  Hydralisk  
  94  10:30  Drone x2  
  94  10:31  Drone  
  91  10:55  Hydralisk x6  
  99  11:12  Hydralisk x2  
  99  11:14  Overlord x3  
  99  11:15  Overlord, Drone  
  104  11:19  Spine Crawler  
  104  11:21  Spine Crawler  
  91  11:26  Hydralisk  
  91  11:28  Drone x6  
  91  11:30  Overseer  
  98  11:37  Pneumatized Carapace  
  98  11:38  Infestation Pit  
  87  11:51  Hydralisk x3  
  93  12:05  Zerg Ground Armor Level 1  
  93  12:06  Zerg Missile Weapons Level 1  
  93  12:08  Drone x4  
  95  12:09  Drone x2  
  83  12:38  Hydralisk x2, Zergling x6  
  83  12:39  Hydralisk x2  
  83  12:40  Zergling x4  
  78  12:48  Hydralisk  
  80  12:52  Hatchery  
  80  12:53  Drone x2  
  80  12:55  Hive  
  81  13:07  Extractor  
  81  13:08  Extractor  
  79  13:14  Lurker Den  
  79  13:16  Drone  
  79  13:17  Drone, Hydralisk x3  
  79  13:18  Hydralisk  
  88  13:27  Drone  
  88  13:30  Spine Crawler  
  88  13:37  Drone  
  88  13:39  Hydralisk x6  
  101  13:52  Spore Crawler  
  100  13:57  Zergling x2  
  100  13:58  Hydralisk x3, Zergling x2  
  100  14:00  Drone x2  
  103  14:14  Lair  
  102  14:18  Lurker Den  
  97  14:30  Drone x3  
  96  14:54  Spawning Pool  
  94  15:09  Overlord  
  94  15:10  Overlord x5  
  94  15:11  Overlord  
  94  15:12  Overlord x2  
  74  15:45  Drone x3  
  77  16:22  Hatchery x2  
  71  16:30  Hatchery  
  70  16:34  Spore Crawler  
  70  16:35  Spore Crawler  
  70  16:36  Spore Crawler  
  70  16:38  Spore Crawler  
  70  16:39  Drone x2  
  68  16:40  Drone  
  68  16:41  Hydralisk Den  
  68  16:42  Drone x3  
  60  17:35  Drone x2  
  60  17:36  Drone x2  
  53  17:49  Drone  
  50  17:56  Drone  
  50  17:57  Drone  
  52  17:59  Drone  
  51  18:24  Spawning Pool  
  40  18:35  Overlord x3  
  40  18:36  Overlord x6  
  40  18:54  Hatchery  
  39  19:20  Drone x3  
  39  19:21  Drone x6  
  42  19:50  Drone x6  
  48  19:53  Lair  
  48  20:09  Drone x2  
  50  20:34  Queen  
  50  20:35  Drone  
  50  20:36  Drone x2  
  43  21:24  Hatchery  
  35  22:37  Drone  
  36  22:49  Hatchery  
  35  23:01  Extractor  
  33  23:15  Drone x2  
  33  23:16  Drone  
Show
View Real Time Build Order
Export as new Build Order

Massa Terran - Winner!

Build Orders: Gas First Reaper Expand 

Get SALT Encoding   

  12  0:00  SCV  
  13  0:12  SCV  
  14  0:22  Supply Depot  
  14  0:24  SCV  
  15  0:29  Refinery  
  15  0:43  SCV  
  15  0:45  Barracks  
  16  0:56  SCV  
  17  1:10  SCV  
  18  1:22  SCV  
  19  1:34  Reaper  
  19  1:35  Orbital Command  
  20  1:47  Command Center  
  20  2:03  SCV  
  20  2:04  Supply Depot  
  21  2:10  Factory  
  21  2:19  SCV  
  21  2:20  Marine  
  23  2:28  Barracks  
  23  2:37  Barracks  
  23  2:53  Marine  
  23  2:55  Hellion  
  26  3:00  Orbital Command  
  26  3:02  SCV  
  27  3:08  Supply Depot  
  27  3:11  Marine  
  28  3:14  SCV  
  28  3:17  Widow Mine  
  31  3:33  Marine, SCV x2  
  31  3:34  Marine  
  35  3:37  Marine  
  38  3:41  Widow Mine  
  38  3:45  SCV  
  38  3:46  Engineering Bay  
  39  3:54  Marine  
  39  3:55  Marine  
  42  3:56  Barracks Tech Lab  
  42  4:00  SCV x2  
  45  4:03  Widow Mine  
  45  4:11  Marine  
  45  4:12  Marine, Supply Depot  
  45  4:15  Missile Turret  
  47  4:19  Missile Turret  
  47  4:20  Marauder  
  47  4:22  Stimpack  
  49  4:29  Marine  
  49  4:30  Marine  
  51  4:42  Widow Mine, Marauder  
  55  4:47  Marine  
  55  4:48  Marine  
  56  5:03  Widow Mine, Marauder  
  56  5:05  Starport, Marine  
  56  5:06  Marine  
  62  5:08  Command Center  
  47  6:10  Marine x2, Widow Mine, Marauder  
  49  6:13  SCV x2  
  51  6:25  SCV x2  
  49  6:28  Marine x2  
  49  6:31  Medivac  
  49  6:32  Marauder  
  55  6:37  SCV x2  
  55  6:39  Refinery  
  57  6:41  Missile Turret, Refinery  
  57  6:44  Factory Tech Lab  
  57  6:47  Barracks Reactor  
  57  6:49  Barracks Reactor, SCV  
  57  6:53  Marine  
  57  7:01  Starport Reactor  
  57  7:05  Command Center  
  57  7:09  Refinery  
  57  7:10  Marine  
  57  7:12  Armory  
  57  7:14  Missile Turret  
  58  7:16  Missile Turret  
  58  7:18  Orbital Command  
  58  7:20  SCV x2  
  60  7:32  Cyclone, SCV  
  60  7:33  Marine x5, SCV  
  68  7:51  Marine x5  
  73  8:04  Drilling Claws  
  73  8:08  Marine  
  73  8:09  Marine x3  
  77  8:16  Marine  
  72  8:32  Marine  
  72  8:33  Marine x3  
  75  8:34  Marauder  
  75  8:38  Cyclone  
  80  8:50  Marine x3  
  80  8:51  Marine  
  80  8:53  Terran Infantry Weapons Level 1, Missile Turret  
  80  8:55  Marine, Missile Turret  
  84  8:58  SCV x3  
  88  9:03  Refinery x2  
  88  9:08  Marine  
  89  9:10  Combat Shield, SCV x3  
  91  9:20  Cyclone  
  91  9:22  SCV  
  92  9:36  SCV  
  92  9:39  SCV  
  92  9:40  SCV  
  92  9:49  Supply Depot x2  
  92  9:58  Missile Turret  
  92  10:05  Factory  
  92  10:07  Factory  
  92  10:09  Supply Depot  
  92  10:10  SCV x3  
  92  10:11  Widow Mine  
  92  10:12  Engineering Bay, Supply Depot, Terran Vehicle Weapons Level 1  
  97  10:14  Supply Depot  
  97  10:17  Refinery  
  97  10:22  Medivac, SCV x3  
  97  10:23  Medivac  
  104  10:28  Marine  
  104  10:29  Marine, Marauder  
  104  10:31  Supply Depot  
  104  10:32  Widow Mine  
  104  10:34  SCV x3  
  113  10:37  Planetary Fortress  
  113  10:47  SCV  
  114  10:55  Supply Depot  
  114  11:16  Marine x4, Marauder  
  114  11:18  Supply Depot  
  120  11:19  Medivac  
  120  11:20  Medivac  
  124  11:26  Missile Turret  
  124  11:34  Marine x2  
  124  11:37  Marauder  
  124  11:39  SCV x3  
  132  11:40  SCV  
  132  11:42  Supply Depot  
  132  11:49  Medivac  
  132  11:54  Marine x4  
  134  11:55  Missile Turret  
  134  11:56  Thor  
  134  11:57  Missile Turret  
  134  11:58  Viking  
  134  11:59  Marauder  
  148  12:06  Supply Depot  
  148  12:09  Factory Reactor x2  
  148  12:16  Missile Turret  
  148  12:19  Viking  
  146  12:55  Marine x2  
  146  12:56  Marauder  
  146  12:57  Widow Mine x5  
  160  13:00  SCV x4  
  164  13:06  Terran Vehicle And Ship Armor Level 1  
  164  13:07  Terran Infantry Armor Level 1  
  164  13:12  SCV x2  
  164  13:15  Refinery  
  164  13:17  Marauder  
  164  13:18  Widow Mine x2  
  164  13:19  Widow Mine  
  172  13:25  Supply Depot  
  172  13:27  Supply Depot, Refinery  
  172  13:28  Supply Depot  
  172  13:31  Refinery  
  172  13:36  Barracks x2  
  172  13:37  Barracks x2  
  172  13:47  Widow Mine x4  
  180  13:49  Widow Mine  
  180  13:50  Supply Depot  
  180  13:52  Supply Depot  
  180  13:54  Supply Depot  
  182  14:08  Thor, Widow Mine  
  185  14:15  Supply Depot  
  185  14:16  Supply Depot  
  171  14:19  Supply Depot  
  169  14:28  Marine x2, Barracks  
  169  14:29  Marine x2, Marauder  
  155  14:40  Supply Depot  
  155  14:42  Supply Depot  
  129  14:50  Marauder  
  125  15:01  Viking  
  125  15:02  Viking  
  125  15:07  Barracks  
  125  15:09  Barracks  
  125  15:10  Barracks  
  125  15:11  Barracks x3  
  125  15:13  Barracks x2  
  119  15:31  Viking  
  119  15:32  Viking  
  118  15:55  Orbital Command  
  118  16:01  Marine x7  
  105  16:29  Supply Depot x3  
  105  16:30  Supply Depot x2  
  105  16:31  Supply Depot  
  105  16:32  Supply Depot  
  105  16:33  Supply Depot  
  105  16:55  Marine x3, SCV  
  105  17:01  Marine  
  91  17:21  Barracks x2  
  82  17:23  Barracks x4  
  82  17:25  Barracks  
  76  18:13  Command Center  
  76  18:30  Supply Depot  
  76  18:31  Supply Depot  
  76  18:54  Supply Depot  
  74  18:56  Supply Depot  
  66  19:24  Marine x7  
  66  19:25  SCV  
  74  19:35  Supply Depot  
  74  19:37  SCV  
  75  19:39  Refinery, Supply Depot  
  75  19:40  Supply Depot  
  75  19:41  Supply Depot, Refinery  
  75  19:42  Marine x2  
  77  19:52  Marine  
  77  19:56  Marine x2  
  77  19:57  SCV  
  83  20:00  Marine  
  83  20:02  Supply Depot  
  83  20:09  SCV  
  80  20:32  Orbital Command  
  80  20:35  Command Center  
  78  21:30  Supply Depot  
  78  21:43  Supply Depot  
  78  21:44  Supply Depot x3  
  78  21:45  Supply Depot  
  78  21:46  Engineering Bay  
  78  21:52  SCV  
  78  21:53  Supply Depot  
  79  21:58  SCV  
  78  22:02  Barracks  
  78  22:04  SCV  
  78  22:05  Barracks  
  78  22:07  Supply Depot  
  77  22:10  SCV  
  78  22:16  Supply Depot, SCV  
  79  22:28  SCV  
  71  22:31  Supply Depot, SCV  
  72  22:41  Supply Depot, SCV  
  72  22:43  SCV  
  74  22:53  SCV  
  74  22:54  Supply Depot  
  74  22:56  SCV  
  70  23:06  SCV  
  70  23:08  SCV  
Tags
 
Add a new tag
Caveats
  • Supply blocks, unpowered buildings, or Contaminate may cause inaccurate times.
  • Supply counts are checked every 10 seconds.